 Dungeon Crawl Stone Soup version 0.16.1-11-g651b585 (webtiles) character file.

1059 jacksonaction the Shield-Bearer (level 8, -9/63 HPs)
             Began as a Centaur Fighter on Apr 2, 2015.
             Killed from afar by a steam dragon (16 damage)
             ... with a ball of steam
             ... on level 5 of the Dungeon.
             The game lasted 00:30:37 (5453 turns).

jacksonaction the Shield-Bearer (Centaur Fighter)   Turns: 5453, Time: 00:30:38

Health: -9/63      AC:  9    Str: 27    XL:     8   Next: 6%
Magic:  6/6        EV:  7    Int: 11    God:
Gold:   262        SH: 10    Dex: 10    Spells: 0 memorised, 7 levels left

rFire  . . .     SeeInvis .     J - +3 mace of Ancient Evil {crush, Int+4} (curse)
rCold  . . .     Clarity  .     b - +0 scale mail
rNeg   . . .     SustAb   .     c - +0 shield
rPois  .         Gourm    .     (no helmet)
rElec  .         Spirit   .     G - +2 cloak
rCorr  +         Warding  .     (no gloves)
rMut   .         Stasis   .     (no barding)
MR     .....                    h - amulet of resist corrosion
Stlth  ..........               t - +2 ring of strength
                                A - +5 ring of strength

@: very quick, not resistant to hostile enchantments, extremely unstealthy
A: hooves 3, deformed body, speed 2, tough skin 3
a: no special abilities


You were on level 5 of the Dungeon.
You were not hungry.

You visited 2 branches of the dungeon, and saw 6 of its levels.

You collected 262 gold pieces.

Inventory:

Hand weapons
 a - a +0 trident
 J - the cursed +3 mace of Ancient Evil (weapon) {crush, Int+4}
   (You found it on level 4 of the Dungeon)

   It inflicts extra damage upon your enemies.
   It affects your intelligence (+4).
   It has a curse placed upon it.
Missiles
 f - 23 stones
 q - 16 poisoned needles
 x - 3 tomahawks (quivered)
 D - a tomahawk of dispersal
Armour
 b - a +0 scale mail (worn)
 c - a +0 shield (worn)
 G - a +2 cloak (worn)
Jewellery
 h - an amulet of resist corrosion (around neck)
 t - a +2 ring of strength (right hand)
 A - a +5 ring of strength (left hand)
 B - an uncursed ring of protection from cold
Magical devices
 H - a wand of disintegration (3)
 M - a wand of hasting (3)
Scrolls
 g - 2 scrolls of fog {unknown}
 i - 3 scrolls of magic mapping
 j - 3 scrolls of recharging
 k - 7 scrolls of identify
 m - 2 scrolls of remove curse
 w - a scroll of amnesia {unknown}
 y - a scroll of noise {unknown}
 C - 2 scrolls of teleportation {unknown}
Potions
 e - 3 potions of might
 l - a potion of restore abilities {unknown}
 n - 2 potions of degeneration {unknown}
 p - a potion of heal wounds {unknown}
 r - a potion of agility
 s - 3 potions of curing
 u - a potion of lignification {unknown}
 v - a potion of ambrosia {unknown}
 z - a potion of brilliance {unknown}
 E - a potion of haste {unknown}
 F - a potion of poison {unknown}
 L - 2 potions of magic {unknown}
Books
 I - a book of Fire

   Spells                             Type                      Level
   a - Ignite Poison                  Fire/Transmutation           5
   b - Fireball                       Conjuration/Fire             5
   c - Bolt of Fire                   Conjuration/Fire             6
   d - Delayed Fireball               Conjuration/Fire             7
   e - Ring of Flames                 Charms/Fire                  7
Comestibles
 d - 4 bread rations
 o - 2 meat rations
 K - 8 chunks of flesh


   Skills:
 - Level 3.0 Fighting
 + Level 1.9 Maces & Flails
 - Level 5.5 Polearms
 - Level 2.1 Armour
 - Level 1.0 Dodging
 + Level 5.6 Shields


You had 7 spell levels left.
You didn't know any spells.

Dungeon Overview and Level Annotations

Branches:
Dungeon (5/15)             Temple (1/1) D:4

Altars:
Ashenzari
Cheibriados
Dithmenos
Elyvilon
Fedhas
Gozag
Nemelex Xobeh
Qazlal
Ru
Sif Muna
Trog
Vehumet
Xom
Yredelemnul
Zin
The Shining One


Innate Abilities, Weirdness & Mutations

You have hooves in place of feet.
Armour fits poorly on your strangely shaped body.
You cover ground very quickly.
You have extremely tough skin (AC +3).


Message History

The kobold throws a stone.
The stone hits you but does no damage.
Throwing (i - inventory. (,) - cycle):
x - 2 tomahawks (quivered)
Press: ? - help, Shift-Dir - straight line, f/p - kobold
Aim: a kobold, wielding a short sword You throw a tomahawk.
The tomahawk hits the kobold.
The kobold is severely wounded.
You hit the kobold.
You kill the kobold!
Things that are here:
a short sword; 3 stones
x - 3 tomahawks (gained 2)
Things that are here:
a short sword; 3 stones You start resting.
You see here a ring mail.
You see here a club.
There is a stone staircase leading up here.
The steam dragon breathes steam at you. The ball of steam hits you!
You die...

...########P≈...####.#.#
..........####.........#####
..#######.## #.....#.#.#...#
..# #......#
#.###.#.###...###### ..#
#......# #.#...#...'....)....
..# #......#
#.#.#######...###### ###
#......# #.#.................
#......###.#..#..)...........
##......##.#@................
#......##.#§...#...........[
#.......(.<.§..#÷###########
#.....#...##D..#)#....##
#.........D)...#.......#
#.....##......##.......#####
####...................'....
######.....##.......#####
#>...............#


You could see a steam dragon.

Vanquished Creatures
  An ogre (D:3)
  2 centaurs
  A scorpion (D:4)
  3 crimson imps (D:5)
  An orc priest (D:3)
  The ghost of Archevanescent the Stinger, a weakling FeVM of Ashenzari (D:4)
  5 hounds
  3 orc wizards
  2 iguanas (D:4)
  3 worker ants
  A hound zombie (D:5)
  6 gnolls
  4 adders
  2 giant mites
  A shadow imp (D:5)
  A worm (D:3)
  A giant gecko (D:3)
  27 orcs
  A bat skeleton (D:3)
  3 giant cockroaches
  8 hobgoblins
  11 jackals
  16 kobolds
  2 quokkas
  5 bats
  4 giant newts
  3 goblins (D:3)
  A quokka skeleton (D:4)
  10 rats
129 creatures vanquished.

Vanquished Creatures (others)
  A fungus (D:5)
1 creature vanquished.

Grand Total: 130 creatures vanquished

Notes
Turn   | Place    | Note
--------------------------------------------------------------
     0 | D:1      | jacksonaction, the Centaur Fighter, began the quest for the Orb.
     0 | D:1      | Reached XP level 1. HP: 19/19 MP: 1/1
   396 | D:1      | Reached XP level 2. HP: 21/26 MP: 2/2
  1067 | D:2      | Reached XP level 3. HP: 27/31 MP: 3/3
  1396 | D:2      | Reached XP level 4. HP: 24/38 MP: 3/3
  1758 | D:3      | Reached skill level 1 in Dodging
  1871 | D:3      | Noticed an ogre
  1960 | D:3      | Killed an ogre
  1960 | D:3      | Reached XP level 5. HP: 45/45 MP: 4/4
  2175 | D:3      | Reached skill level 4 in Polearms
  2611 | D:3      | Reached XP level 6. HP: 51/51 MP: 5/5
  3013 | D:4      | Found a staircase to the Ecumenical Temple.
  3021 | Temple   | Entered the Ecumenical Temple
  3348 | D:4      | Noticed Archevanescent's ghost (weakling FeVM)
  3659 | D:4      | Killed Archevanescent's ghost
  3662 | D:4      | Reached skill level 5 in Polearms
  3915 | D:4      | Reached XP level 7. HP: 55/57 MP: 5/5
  4283 | D:4      | Got a transparent mace
  4367 | D:4      | Identified the cursed +3 mace of Ancient Evil {crush, Int+4} (You found it on level 4 of the Dungeon)
  4592 | D:5      | Entered Level 5 of the Dungeon
  4805 | D:5      | Reached skill level 5 in Shields
  4943 | D:5      | Reached skill level 1 in Maces & Flails
  5274 | D:5      | Reached XP level 8. HP: 63/63 MP: 6/6
  5415 | D:5      | HP: 1/63 [something/ball of steam (11)]
  5453 | D:5      | Killed from afar by a steam dragon

Action                   |  1- 3 |  4- 6 |  7- 9 || total
-------------------------+-------+-------+-------++-------
Melee: Trident           |   133 |   196 |    34 ||   363
       Mace              |       |       |   116 ||   116
Throw: Stone             |    13 |    22 |       ||    35
       Tomahawk          |       |    23 |     6 ||    29
  Use: Potion            |       |     2 |     1 ||     3
       Scroll            |       |       |     4 ||     4
  Eat: Chunk             |     1 |     6 |     5 ||    12
